 Dungeon Crawl Stone Soup version 0.31-a0-75-g6fe912e8c5 (webtiles) character file.

Game seed: 747724723887873845

2053 mandoloar the Summoner (level 9, 0/65 HPs)
             Began as a Gnoll Summoner on May 23, 2023.
             Succumbed to a killer bee's poison
             ... on level 7 of the Dungeon.
             The game lasted 00:27:12 (9217 turns).

mandoloar the Summoner (Gnoll Summoner)             Turns: 9217, Time: 00:27:13

Health: 0/65       AC:  9    Str:  8    XL:     9   Next: 25%
Magic:  4/18       EV: 28    Int: 19    God:
Gold:   401        SH:  0    Dex: 12    Spells: 8/21 levels left

rFire   + . .        a - +4 dagger
rCold   . . .        (no shield)
rNeg    . . .        d - +3 leather armour of Gozag's Castigation {rF+ Slay+3}
rPois   .            (no helmet)
rElec   .            (no cloak)
rCorr   .            w - +0 pair of gloves
SInv    +            t - +1 pair of boots {Stlth+}
Will    .....        q - amulet of the acrobat
Stlth   ++++         n - ring of see invisible
HPRegen 0.30/turn    (no ring)
MPRegen 0.16/turn

%: acrobat
@: lethally poisoned (0 -> -27), acrobatic
A: fangs 1, strong nose, distributed training
a: no special abilities


You were on level 7 of the Dungeon.
You visited 2 branches of the dungeon, and saw 8 of its levels.
You also visited: Sewer.

You collected 401 gold pieces.

Inventory:

Hand Weapons
 a - a +4 dagger (weapon)
Missiles
 j - 3 silver boomerangs
 k - 14 poisoned darts
 y - a curare-tipped dart
Armour
 d - the +3 leather armour of Gozag's Castigation (worn) {rF+ Slay+3}
   (You found it on level 3 of the Dungeon)

   Slay:      It affects your accuracy & damage with ranged weapons and melee
   (+3).
   rF:        It protects you from fire.
 r - a scarf of shadows
 t - a +1 pair of boots of stealth (worn)
 w - a +0 pair of gloves (worn)
Jewellery
 n - a ring of see invisible (left hand)
 q - an amulet of the acrobat (around neck)
Wands
 o - a wand of flame (30)
 B - a wand of iceblast (11)
Scrolls
 b - a scroll of magic mapping
 f - 2 scrolls of enchant armour
 i - 3 scrolls of identify
 m - 3 scrolls of amnesia
 s - a scroll of teleportation
 z - a scroll of blinking {unknown}
 A - a scroll of fog
Potions
 c - a potion of mutation
 g - a potion of lignification
 h - 4 potions of enlightenment
 l - a potion of curing
 p - 2 potions of brilliance
 u - a potion of might
 v - a potion of invisibility
 x - a potion of ambrosia


   Skills:
 + Level 4.2 Fighting
 + Level 4.2 Short Blades
 + Level 4.2 Long Blades
 + Level 4.2 Axes
 + Level 4.2 Maces & Flails
 + Level 4.2 Polearms
 + Level 4.2 Staves
 + Level 4.2 Ranged Weapons
 + Level 4.2 Throwing
 + Level 4.2 Armour
 + Level 6.3 Dodging
 + Level 6.0 Stealth
 + Level 4.2 Shields
 + Level 4.2 Unarmed Combat
 + Level 6.6 Spellcasting
 + Level 3.4 Conjurations
 + Level 3.4 Hexes
 + Level 8.0 Summonings
 + Level 3.4 Necromancy
 + Level 3.4 Translocations
 + Level 3.4 Transmutations
 + Level 3.4 Fire Magic
 + Level 3.4 Ice Magic
 + Level 3.4 Air Magic
 + Level 3.4 Earth Magic
 + Level 3.4 Poison Magic
 + Level 4.6 Invocations
 + Level 4.2 Evocations


You had 8 spell levels left.
You knew the following spells:

 Your Spells              Type           Power      Damage    Failure   Level
a - Summon Small Mammal   Summ           100%       N/A       1%          1
b - Call Imp              Summ           72%        N/A       1%          2
c - Call Canine Familiar  Summ           36%        N/A       1%          3
d - Summon Guardian Gole  Hex/Summ       25%        N/A       5%          3
e - Summon Lightning Spi  Summ/Air       25%        N/A       19%         4

Your spell library contained the following spells:

 Spells                   Type           Power      Damage    Failure   Level
 Freeze                   Ice            76%        1d8       3%          1
 Ensorcelled Hibernation  Hex/Ice        32%        N/A       8%          2
 Passwall                 Tmut/Erth      13%        N/A       8%          2
 Cigotuvi's Dreadful Rot  Necr/Pois/Air  30%        N/A       9%          2
 Frozen Ramparts          Ice            38%        1d6       11%         3
 Ozocubu's Armour         Ice            19%        N/A       11%         3
 Swiftness                Air            19%        N/A       11%         3
 Tukima's Dance           Hex            19%        N/A       11%         3
 Dazzling Flash           Conj/Hex       32%        N/A       14%         3
 Hailstorm                Conj/Ice       16%        3d6       14%         3
 Portal Projectile        Hex/Tloc       32%        N/A       14%         3
 Vhi's Electric Charge    Tloc/Air       32%        N/A       14%         3
 Summon Ice Beast         Ice/Summ       25%        N/A       19%         4
 Dispel Undead            Necr           19%        3d11      34%         4
 Summon Mana Viper        Hex/Summ       25%        N/A       45%         5
 Agony                    Necr           19%        N/A       67%         5
 Blade Hands              Tmut           9%         N/A       67%         5
 Arcjolt                  Conj/Air       8%         1d18      80%         5
 Silence                  Hex/Air        8%         N/A       80%         5
 Death Channel            Necr           9%         N/A       99%         6
 Monstrous Menagerie      Summ           18%        N/A       99%         7
 Ozocubu's Refrigeration  Ice            9%         4d9       100%        7
 Maxwell's Capacitive Co  Air            9%         ∞         100%        8


Dungeon Overview and Level Annotations

Branches:
Dungeon (7/15)             Temple (1/1) D:6           Sewer (visited)

Altars:
Ashenzari
Cheibriados
Dithmenos
Elyvilon
Fedhas
Hepliaklqana
Kikubaaqudgha
Okawaru
Sif Muna
Trog
Uskayaw
Wu Jian
Xom
Yredelemnul

Shops:
D:3 [   D:6 *[*

Annotations:
D:5 Grinder
D:6 exclusion: oklob plant


Innate Abilities, Weirdness & Mutations

You have very sharp teeth.
Your uncanny sense of smell can sniff out nearby items.
Your experience applies equally to all skills.


Message History

The wight misses your hound.
Your hound bites the wight.
The killer bee closely misses your hound.
The killer bee completely misses you. x2
You see here a +0 chain mail.
The killer bee attacks as you move away!
The killer bee completely misses you.
You feel sick.
Your hound bites the wight but does no damage.
The killer bee stings you.
You are more poisoned.
The killer bee poisons you! The killer bee completely misses you.
Your hound barely misses the wight.
Okay, then.
You feel much better.
You feel very sick. The killer bee barely misses you.
The killer bee stings you! The killer bee misses you.
The wight barely misses your guardian golem.
Your hound completely misses the wight.
The killer bee barely misses you. The killer bee closely misses you. x2
Casting: Summon Guardian Golem (dangerous; 5% risk of failure)
Confirm with . or Enter, or press ? or * to list all spells.
An electric hum fills the air.
You feel very sick. The killer bee stings you.
* * * LOW HITPOINT WARNING * * *
You are more poisoned.
The killer bee poisons you! The killer bee stings you.
* * * LOW HITPOINT WARNING * * *
You are lethally poisoned!
The killer bee poisons you! The killer bee stings you.
* * * LOW HITPOINT WARNING * * *
Your hound bites the wight.
The wight hits your guardian golem but does no damage.
The killer bee stings you.
* * * LOW HITPOINT WARNING * * *
The killer bee stings you but does no damage.
The killer bee misses you.
Your hound closely misses the wight.
The killer bee attacks as you move away!
The killer bee misses you.
You die...

........#..#..#...###......#
............h..#...##....... #
............##.#...#..#....#
#.## ......#......#..#...#.....
..... .....####..###.#.........
#...###...####.....)........##
#...................#>..#....
###........h......#.###...#....
.#....##....zy.@...### ###......
............9y......## ###......
.#.....☼☼§.h#y.......# .........
#......☼.#.##8...........###....
.......)†#..#.#......... ###..
..##........###......... ##.. .
#....h.... ......... ...##...
#.............................
#.....?............. .#.#####.


You could see a howler monkey, 3 killer bees, a wight (ally target), a friendly
guardian golem (summoned), a friendly lightning spire (summoned, sheltered) and
a friendly hound (summoned, sheltered).

Vanquished Creatures
  A nameless horror (D:6)
  A water moccasin (D:6)
  A black bear (D:5)
  An orc warrior (D:6)
  A scorpion (D:4)
  An iguana (D:3)
  5 adders
  3 orcs
  2 giant cockroaches
  A hobgoblin (D:1)
  A kobold (Sewer)
  2 quokkas
  2 bats
  4 rats
26 creatures vanquished.

Vanquished Creatures (collateral kills)
  Sigmund (D:5)
  A wyvern (D:5)
  Pargi (Sewer)
  A centaur (D:7)
  Blork the orc (D:5)
  2 scorpions
  A bullfrog (D:6)
  2 killer bees (D:7)
  An electric eel (D:6)
  A howler monkey (D:5)
  An orc priest (D:4)
  3 hounds
  A jelly (D:7)
  2 iguanas
  An orc wizard (D:4)
  5 gnolls
  7 adders
  2 worms (D:3)
  2 dart slugs
  19 orcs
  6 ball pythons
  5 bats
  8 endoplasms
  A giant cockroach (D:2)
  7 goblins (D:4)
  7 hobgoblins
  3 jackals (D:3)
  18 kobolds
  4 quokkas
  2 frilled lizards
  5 rats
121 creatures vanquished.

Vanquished Creatures (others)
  A kobold brigand (D:7)
  3 wights (D:7)
  A killer bee (D:7)
  3 orcs (D:4)
  A hobgoblin (D:4)
  A kobold (D:4)
10 creatures vanquished.

Grand Total: 157 creatures vanquished

Notes
Turn   | Place    | Note
-------+----------+-------------------------------------------
     0 | D:1      | mandoloar the Gnoll Summoner began the quest for the Orb.
     0 | D:1      | Reached XP level 1. HP: 13/13 MP: 6/6
   441 | D:1      | Reached XP level 2. HP: 19/19 MP: 5/7
   444 | D:1      | Learned a level 2 spell: Call Imp
  1337 | D:2      | Reached skill level 5 in Spellcasting
  1337 | D:2      | Reached XP level 3. HP: 25/25 MP: 6/9
  1341 | D:2      | Learned a level 3 spell: Call Canine Familiar
  1345 | D:2      | Learned a level 3 spell: Summon Guardian Golem
  1410 | D:2      | Reached skill level 1 in Invocations
  1416 | D:2      | Reached skill level 1 in Fighting
  1416 | D:2      | Reached skill level 1 in Short Blades
  1416 | D:2      | Reached skill level 1 in Long Blades
  1416 | D:2      | Reached skill level 1 in Axes
  1416 | D:2      | Reached skill level 1 in Maces & Flails
  1416 | D:2      | Reached skill level 1 in Polearms
  1416 | D:2      | Reached skill level 1 in Staves
  1416 | D:2      | Reached skill level 1 in Ranged Weapons
  1416 | D:2      | Reached skill level 1 in Throwing
  1416 | D:2      | Reached skill level 1 in Armour
  1416 | D:2      | Reached skill level 1 in Shields
  1416 | D:2      | Reached skill level 1 in Unarmed Combat
  1416 | D:2      | Reached skill level 1 in Evocations
  2183 | D:3      | Reached XP level 4. HP: 27/32 MP: 1/11
  2244 | D:3      | Learned a level 4 spell: Summon Lightning Spire
  2420 | D:3      | Found a hazy altar of Hepliaklqana.
  2816 | D:3      | Reached skill level 1 in Conjurations
  2816 | D:3      | Reached skill level 1 in Hexes
  2816 | D:3      | Reached skill level 1 in Necromancy
  2816 | D:3      | Reached skill level 1 in Translocations
  2816 | D:3      | Reached skill level 1 in Transmutations
  2816 | D:3      | Reached skill level 1 in Fire Magic
  2816 | D:3      | Reached skill level 1 in Ice Magic
  2816 | D:3      | Reached skill level 1 in Air Magic
  2816 | D:3      | Reached skill level 1 in Earth Magic
  2816 | D:3      | Reached skill level 1 in Poison Magic
  2990 | D:3      | Identified the +3 leather armour of Gozag's Castigation
                  | {rF+ Slay+3}
  3058 | D:3      | Reached XP level 5. HP: 20/37 MP: 7/12
  3352 | D:3      | Found Cuniyxo's Antique Armour Emporium.
  3740 | D:4      | Found a glowing drain.
  3806 | Sewer    | Entered a sewer
  3818 | Sewer    | Noticed Pargi
  3832 | Sewer    | Killed Pargi
  3833 | Sewer    | Reached skill level 5 in Dodging
  3833 | Sewer    | Reached XP level 6. HP: 43/44 MP: 3/14
  4162 | D:4      | Found an ornate altar of the Wu Jian Council.
  4897 | D:4      | Reached XP level 7. HP: 50/50 MP: 9/15
  5004 | D:4      | Found a shimmering blue altar of Sif Muna.
  5751 | D:5      | Entered Level 5 of the Dungeon
  5929 | D:5      | Reached skill level 5 in Stealth
  5970 | D:5      | Found a hide-covered altar of Uskayaw.
  5993 | D:5      | Noticed Blork the orc
  6011 | D:5      | Killed Blork the orc
  6228 | D:5      | Noticed Sigmund
  6228 | D:5      | Noticed a wyvern
  6244 | D:5      | Killed Sigmund
  6245 | D:5      | Reached XP level 8. HP: 58/58 MP: 5/16
  6272 | D:5      | Killed a wyvern
  6745 | D:5      | Noticed Grinder
  7053 | D:6      | Found a staircase to the Ecumenical Temple.
  7065 | Temple   | Entered the Ecumenical Temple
  7542 | D:6      | Found Tibiki's General Store.
  7583 | D:6      | Found Piodgho's Antique Armour Boutique.
  7584 | D:6      | Found Pajalo's Assorted Antiques.
  8408 | D:6      | Found a blossoming altar of Fedhas.
  8445 | D:6      | Noticed a nameless horror
  8460 | D:6      | Killed a nameless horror
  8577 | D:6      | Noticed an oklob plant
  8694 | D:6      | Found a snail-covered altar of Cheibriados.
  9062 | D:7      | Reached XP level 9. HP: 65/65 MP: 18/18
  9211 | D:7      | Reached skill level 8 in Summonings
  9217 | D:7      | Succumbed to a killer bee's poison

Illustrated notes

Levels and vault maps discovered:
D:1:      dpeg_arrival_more_subterranean_lakeside_camping, layout_loops_ring
D:2:      layout_loops_ring, minmay_hexomino_u4
D:3:      minmay_razor_zed, layout_rooms, nzn_hepliaklqana_mist_gate,
          serial_shops, shop
D:4:      corexii_shack_village, layout_loops_corners,
          nicolae_sif_muna_little_library, nicolae_wu_jian_wuxing_cycle,
          gup_sewer_entry_glass, solitary_fountain,
          ebering_dispersal_statue_hall
D:5:      layout_gridville, nicolae_uskayaw_dance_hall,
          chequers_serial_rivers_micro_e, uniq_blork_the_orc, uniq_sigmund,
          uniq_grinder
D:6:      layout_loops_corners, tgw_fedhas, marbit_many_paths,
          minmay_temple_entry_drinking_statues, nicolae_wooded_promenade
D:7:      layout_cave_pools, minivault_24, minmay_hedge_maze
Temple:   hellmonk_temple_two_chambers

Skill      XL: |  1  2  3  4  5  6  7  8  9 |
---------------+----------------------------+-----
Spellcasting   | 5 6 |  6.6
Invocations    | 1 2 3 4 |  4.6
Fighting       | 1 2 3 4 |  4.2
Short Blades   | 1 2 3 4 |  4.2
Long Blades    | 1 2 3 4 |  4.2
Axes           | 1 2 3 4 |  4.2
Maces & Flails | 1 2 3 4 |  4.2
Polearms       | 1 2 3 4 |  4.2
Staves         | 1 2 3 4 |  4.2
Ranged Weapons | 1 2 3 4 |  4.2
Throwing       | 1 2 3 4 |  4.2
Armour         | 1 2 3 4 |  4.2
Shields        | 1 2 3 4 |  4.2
Unarmed Combat | 1 2 3 4 |  4.2
Evocations     | 1 2 3 4 |  4.2
Conjurations   | 1 2 3 |  3.4
Hexes          | 1 2 3 |  3.4
Necromancy     | 1 2 3 |  3.4
Translocations | 1 2 3 |  3.4
Transmutations | 1 2 3 |  3.4
Fire Magic     | 1 2 3 |  3.4
Ice Magic      | 1 2 3 |  3.4
Air Magic      | 1 2 3 |  3.4
Earth Magic    | 1 2 3 |  3.4
Poison Magic   | 1 2 3 |  3.4
Dodging        | 5 6 |  6.3
Stealth        | 5 6 |  6.0
Summonings     | 8 |  8.0

Action                     |  1- 3 |  4- 6 |  7- 9 || total
---------------------------+-------+-------+-------++-------
  Melee: Rapier            |    32 |    20 |       ||    52
         Dagger            |       |       |    47 ||    47
         Bite              |       |       |     6 ||     6
         Punch             |       |       |     1 ||     1
   Cast: Summon Small Mamm |    12 |       |       ||    12
         Call Imp          |     9 |    24 |    24 ||    57
         Call Canine Famil |     6 |    32 |    31 ||    69
         Summon Guardian G |     1 |     5 |     9 ||    15
         Summon Lightning  |       |       |     7 ||     7
    Use: Scroll            |     9 |     1 |    11 ||    21
         Potion            |       |       |     2 ||     2
   Stab: Sleeping          |     1 |     1 |     1 ||     3
 Armour: Robe              |    10 |       |       ||    10
         Leather armour    |       |     6 |    35 ||    41
  Dodge: Dodged            |    28 |    41 |   110 ||   179

Table legend: (Time is in decaauts)
 A = Elapsed time spent in this place.
 B = Non-inter-level travel time spent in this place.
 C = Inter-level travel time spent in this place.
 D = Time resting spent in this place.
 E = Time spent auto-exploring this place.
 F = Levels seen in this place.
 G = Mean time per level.
                   A        B        C        D        E       F      G
               +--------+--------+--------+--------+--------+-----+--------+
         Total |   9225 |   8522 |    703 |   1515 |   5345 |   9 | 1025.0 |
       Dungeon |   8956 |   8257 |    699 |   1439 |   5213 |   7 | 1279.4 |
        Temple |     39 |     35 |      4 |      0 |     33 |   1 |   39.0 |
         Sewer |    229 |    229 |      0 |     76 |     99 |   1 |  229.0 |
               +--------+--------+--------+--------+--------+-----+--------+

Top non-repeatable levels by time:
     D:4: 2036 daAuts
     D:6: 1800 daAuts
     D:3: 1605 daAuts
     D:5: 1181 daAuts
     D:2: 1124 daAuts
     D:1: 883 daAuts
     D:7: 324 daAuts
   Sewer: 229 daAuts
  Temple: 39 daAuts
